 Dungeon Crawl Stone Soup version 0.17.2-1-ge4368a0 (webtiles) character file.

175 Goblin1989 the Cudgeler (level 5, 0/27 HPs)
             Began as a Vine Stalker Fighter on Oct 30, 2016.
             Slain by Grinder (3 damage)
             ... on level 4 of the Dungeon.
             The game lasted 00:06:54 (2103 turns).

Goblin1989 the Cudgeler (Vine Stalker Fighter)      Turns: 2103, Time: 00:06:54

Health: 0/27       AC:  9    Str: 20    XL:     5   Next: 55%
Magic:  0/6        EV:  5    Int:  8    God:
Gold:   122        SH:  9    Dex: 13    Spells: 0 memorised, 4 levels left

rFire  . . .     SeeInvis .     a - +0 flail
rCold  + . .     Clarity  .     m - +0 chain mail
rNeg   . . .     SustAt   .     o - +0 shield
rPois  .         Gourm    .     j - +0 helmet
rElec  .         Spirit   +     (no cloak)
rCorr  .         Warding  .     (no gloves)
rMut   .         Stasis   .     (no boots)
MR     .....                    (no amulet)
Stlth  ..........               (no ring)
                                c - ring of protection from cold

@: lethally poisoned (0 -> -1), not resistant to hostile enchantments, extremely
unstealthy
A: fangs 2, regeneration 1, magic shield, antimagic bite, no device heal 3, rot
immunity
a: no special abilities


You were on level 4 of the Dungeon.
You were not hungry.

You visited 1 branch of the dungeon, and saw 4 of its levels.

You collected 122 gold pieces.

Inventory:

Hand Weapons
 a - a +0 flail (weapon)
Armour
 j - a +0 helmet (worn)
 m - a +0 chain mail (worn)
 o - a +0 shield (worn)
Jewellery
 c - a ring of protection from cold (left hand)
Scrolls
 b - a scroll of teleportation {unknown}
 f - a scroll of amnesia {unknown}
 g - 2 scrolls of random uselessness {unknown}
 k - a scroll of enchant weapon {unknown}
 l - a scroll of immolation {unknown}
 n - 3 scrolls of identify {unknown}
 p - 2 scrolls of remove curse {unknown}
Potions
 d - a potion of might
 h - a potion of degeneration {unknown}
Comestibles
 e - 4 bread rations {@e1}
 i - 5 meat rations {@e2}
 q - 2 chunks of flesh {@w0}


   Skills:
 - Level 2.6 Fighting
 + Level 5.1 Maces & Flails
 - Level 2.4 Armour
 - Level 2.6 Shields


You had 4 spell levels left.
You didn't know any spells.

Dungeon Overview and Level Annotations

Branches:
Dungeon (4/15)             Temple (0/1) D:4

Altars:
Nemelex Xobeh
Qazlal
Sif Muna

Annotations:
D:4 Grinder


Innate Abilities, Weirdness & Mutations

You have extremely sharp teeth.
Your natural rate of healing is unusually fast.
When hurt, damage is shared between your health and your magic reserves.
Your bite disrupts and absorbs the magic of your enemies.
Potions and wands cannot restore your health.
You are immune to rotting.


Message History

Grinder barely misses you.
You block the water moccasin skeleton's attack.
Grinder barely misses you.
Your chain mail prevents you from hitting Grinder.
You bite Grinder.
Grinder's magic leaks into the air.
You drain his magic.
Grinder is moderately wounded.
You feel sick.
The water moccasin skeleton bites you but does no damage.
Grinder hits you!
You writhe in agony.
* * * LOW HITPOINT WARNING * * *
You take 11 damage, and have 8/27 hp.
MASSIVE DAMAGE!!
You now have 3/6 mp.
You hit Grinder. You bite Grinder.
Grinder's magic leaks into the air.
You drain his magic.
You feel invigorated.
Grinder is moderately wounded.
You feel sick.
The water moccasin skeleton closely misses you.
Grinder hits you!
* * * LOW HITPOINT WARNING * * *
You writhe in agony.
You die...

███.......██
████.██
██.........█ ███
...........██
█.......██..██
██
.......████†.██
█8█ .......█
██..██ .>█
......██
██..██.8█
████..█ ███..Z5█
.██ █....@██ .█
█.......█
█..........
█........█....
██....<.........
█...........██.
█........█...
.......████...


You could see Grinder and a water moccasin skeleton.

Vanquished Creatures
  A worker ant (D:4)
  4 adders
  3 worms
  3 giant geckos
  9 orcs
  10 bats
  12 goblins
  9 hobgoblins
  7 jackals
  10 kobolds
  2 quokkas (D:4)
  2 ball pythons
  4 giant cockroaches
  9 giant newts
  8 rats
93 creatures vanquished.

Notes
Turn   | Place    | Note
--------------------------------------------------------------
     0 | D:1      | Goblin1989 the Vine Stalker Fighter began the quest for the Orb.
     0 | D:1      | Reached XP level 1. HP: 11/11 MP: 2/2
    51 | D:1      | Reached XP level 2. HP: 14/16 MP: 1/3
   588 | D:2      | Reached skill level 3 in Maces & Flails
   606 | D:2      | Reached XP level 3. HP: 19/19 MP: 4/4
   951 | D:2      | Found a sparkling altar of Nemelex Xobeh.
  1084 | D:2      | Found a stormy altar of Qazlal.
  1084 | D:2      | Noticed an air elemental
  1086 | D:2      | Noticed a fire elemental
  1092 | D:2      | Noticed a water elemental
  1095 | D:2      | Noticed an earth elemental
  1318 | D:3      | Reached XP level 4. HP: 23/23 MP: 5/5
  1441 | D:3      | Reached skill level 4 in Maces & Flails
  1725 | D:3      | Reached XP level 5. HP: 27/27 MP: 6/6
  1808 | D:3      | Found a deep blue altar of Sif Muna.
  2048 | D:4      | Reached skill level 5 in Maces & Flails
  2099 | D:4      | Found a staircase to the Ecumenical Temple.
  2099 | D:4      | Noticed Grinder
  2103 | D:4      | Slain by Grinder

Action                   |  1- 3 |  4- 6 || total
-------------------------+-------+-------++-------
Melee: Flail             |   121 |   149 ||   270
  Eat: Chunk             |     2 |     2 ||     4

Vault maps used:
D:1:      dpeg_arrival_simpleton_c
D:2:      old_standard_altar, nicolae_qazlal_style_of_elements
D:3:      corexii_shack_village, lemuel_blue_sif_altar, first_bread,
          hangedman_decor_slide_cut
D:4:      temple_statues, grunt_decor_arrowhead, dk_vineyard_3, uniq_grinder
